AoeStats
← [ITCF]TANK

African Clearing

505256512Analyzed
3v3 RM · 23d ago on Sep 8, 2026· 82m 33s· 6 players
Game mode
Random Map
Map size
Normal (6 player)
Population
200
Speed
Normal
Resources
Standard
Victory
Conquest
Starting age
Dark Age
Ending age
Imperial Age
RankedLock teamsTeams togetherTeam positionsShared explorationLock speedFull tech treeHidden civsTurbo modeCheats
Victory
Defeat
🇹🇼 Huns · Taiwan
1347
+14
🇹🇼 Hindustanis · Taiwan
1346
+14
🇹🇼 Mongols · Taiwan
1328
+15
🇫🇮 Magyars · Finland
1337
-15
🇲🇽 Persians · Mexico
1325
-15
🇦🇷 Koreans · Argentina
1271
-13
7777777
2:57 Loom
13:45 Feudal Age
15:33 Bloodlines
15:13 Double-Bit Axe
15:11 Horse Collar
22:27 Castle Age
21:05 Fletching
22:23 Padded Archer Armor
22:29 Scale Barding Armor
23:49 Thumb Ring
24:00 Bodkin Arrow
24:46 Bow Saw
30:18 Leather Archer Armor
30:52 Ballistics
31:58 Gold Mining
32:02 Stone Mining
33:57 Wheelbarrow
33:07 Town Watch
34:36 Heavy Plow
38:59 Imperial Age
39:05 Imperial Age
37:39 Chain Barding Armor
38:08 Husbandry
38:42 Hand Cart
39:51 Recurve Bow
40:12 Conscription
40:21 Parthian Tactics
39:17 Heavy Cavalry Archer
41:07 Chemistry
40:18 Masonry
41:33 Gold Shaft Mining
41:16 Bracer
41:47 Ring Archer Armor
41:10 Light Cavalry
41:53 Corvinian Army
42:36 Elite Magyar Huszar
42:40 Cavalier
46:31 Plate Barding Armor
59:10 Crop Rotation
62:07 Treadmill Crane
77:53 Hoardings
Berenjena
14:10 Feudal Age
14:05 Loom
15:02 Double-Bit Axe
20:50 Castle Age
20:35 Stone Mining
34:48 Wheelbarrow
38:43 Horse Collar
45:54 Imperial Age
44:28 Bow Saw
45:43 Forging
45:34 Scale Mail Armor
45:44 Forging
45:24 Fletching
50:17 Eupseong
50:24 Bodkin Arrow
51:23 Elite Fire Lancer
51:49 Arson
54:24 Cavalier
55:05 Husbandry
55:12 Bracer
55:58 Gold Mining
56:43 Stone Shaft Mining
59:03 Chemistry
58:16 Elite Skirmisher
59:02 Thumb Ring
60:08 Iron Casting
59:48 Chain Mail Armor
59:38 Scale Barding Armor
60:08 Iron Casting
59:48 Chain Mail Armor
59:39 Scale Barding Armor
59:24 Light Cavalry
59:40 Elite War Wagon
61:03 Pikeman
61:45 Squires
62:38 Hand Cart
63:18 Gold Shaft Mining
62:24 Halberdier
64:49 Town Watch
65:10 Heavy Plow
67:15 Conscription
78:34 Capped Ram
81:24 Hussar
Rata Preñadora
5:39 Loom
5:51 Loom
17:29 Feudal Age
21:42 Castle Age
24:03 Wheelbarrow
31:12 Town Watch
[ITCF]TANK
17:18 Feudal Age
18:13 Double-Bit Axe
18:23 Gold Mining
18:28 Stone Mining
18:28 Gold Mining
18:21 Horse Collar
20:52 Castle Age
21:46 Bow Saw
21:55 Loom
27:57 Heavy Plow
28:35 Fletching
30:10 Bodkin Arrow
31:32 Wheelbarrow
32:48 Hand Cart
34:39 Padded Archer Armor
35:36 Ballistics
36:05 Leather Archer Armor
36:12 Town Watch
40:25 Imperial Age
39:06 Husbandry
39:17 Bloodlines
41:33 Conscription
41:15 Bracer
41:36 Thumb Ring
42:41 Chemistry
42:43 Elite Mangudai
46:05 Gold Shaft Mining
46:10 Stone Shaft Mining
55:42 Scale Barding Armor
55:47 Forging
56:12 Coinage
56:31 Light Cavalry
59:02 Chain Barding Armor
59:18 Iron Casting
58:04 Hussar
60:47 Banking
62:48 Blast Furnace
66:06 Town Patrol
71:30 Capped Ram
72:15 Nomads
72:36 Drill
73:52 Siege Engineers
73:58 Masonry
73:44 Murder Holes
73:48 Siege Ram
77:39 Hoardings
[ITCF]Hentai
11:12 Loom
13:48 Feudal Age
15:05 Town Watch
18:35 Castle Age
17:40 Fletching
18:25 Horse Collar
18:32 Double-Bit Axe
19:39 Bow Saw
31:53 Wheelbarrow
34:20 Husbandry
36:50 Hand Cart
36:57 Heavy Plow
37:37 Scale Barding Armor
37:43 Forging
39:32 Bloodlines
39:57 Stone Mining
40:02 Gold Mining
43:46 Imperial Age
42:01 Chain Barding Armor
42:17 Iron Casting
42:01 Fletching
42:59 Gold Shaft Mining
42:29 Grand Trunk Road
42:53 Light Cavalry
45:20 Plate Barding Armor
45:45 Blast Furnace
45:35 Conscription
45:15 Heavy Camel Rider
47:20 Hoardings
47:14 Bodkin Arrow
48:13 Padded Archer Armor
47:48 Elite Skirmisher
48:33 Thumb Ring
49:42 Ballistics
50:30 Leather Archer Armor
50:48 Bracer
58:40 Ring Archer Armor
65:49 Hussar
66:42 Scale Mail Armor
68:03 Two-Man Saw
68:39 Chain Mail Armor
69:35 Chemistry
68:50 Imperial Camel Rider
[ITCF]yuli
3:39 Loom
12:33 Feudal Age
17:23 Castle Age
16:41 Fletching
18:32 Double-Bit Axe
20:29 Padded Archer Armor
20:26 Bodkin Arrow
24:23 Bloodlines
24:13 Husbandry
26:38 Padded Archer Armor
26:58 Scale Barding Armor
40:01 Imperial Age
38:40 Leather Archer Armor
42:15 Bow Saw
43:15 Wheelbarrow
43:19 Thumb Ring
46:04 Imperial Age
45:43 Horse Collar
47:01 Bracer
47:24 Ballistics
48:43 Conscription
50:13 Parthian Tactics
53:34 Chain Barding Armor
53:25 Forging
54:05 Cavalier
54:07 Light Cavalry
54:12 Elite Tarkan
55:29 Plate Barding Armor
55:18 Heavy Cavalry Archer
57:02 Hussar
58:18 Iron Casting
58:01 Hand Cart
60:18 Blast Furnace
63:22 Marauders
63:26 Town Watch
70:09 Chemistry
70:53 Murder Holes
71:09 Masonry
73:25 Town Watch
76:54 Guilds
Connection lost

Rejoining the realm…

Still unreachable

The connection could not be restored.

Session expired

The server has moved on; the page needs a fresh start.